Map: 블루시프트 - 래더

Players

Losira

  • Race: Zerg Zerg
  • League: Master
  • Spawn Location: 1:00

Zest - Winner!

  • Race: Protoss Protoss
  • League: Master
  • Spawn Location: 7:00

Event: IEM Season 13 - Katowice Server Qualifiers Asia 2

VOD

Have the link to the VOD?

Description

Time

  • Played on: Jan. 22, 2019, 5:01 a.m.
  • Length: 12:07

All games in this series

Show
View Real Time Build Order
Export as new Build Order

Losira Zerg 

Build Orders: Hatch First, Swarm Host 

Get SALT Encoding   

  12  0:00  Drone  
  13  0:12  Overlord  
  13  0:17  Drone  
  14  0:30  Drone  
  15  0:44  Hatchery  
  15  0:48  Drone  
  15  0:51  Drone  
  15  0:55  Drone  
  17  0:59  Drone  
  18  1:09  Extractor  
  17  1:15  Spawning Pool  
  17  1:17  Drone  
  17  1:22  Drone  
  18  1:33  Drone  
  19  1:43  Drone  
  20  1:53  Drone  
  20  1:54  Hatchery  
  20  1:57  Drone  
  21  2:03  Queen  
  23  2:10  Drone  
  23  2:11  Drone  
  25  2:15  Drone  
  25  2:22  Overlord  
  26  2:27  Drone  
  26  2:29  Drone  
  28  2:40  Queen, Zergling x4  
  32  2:47  Zergling x2  
  33  2:51  Zergling x2  
  33  2:52  Metabolic Boost  
  35  2:58  Zergling x2  
  35  3:01  Zergling x2  
  36  3:07  Zergling x2  
  35  3:15  Zergling x4  
  35  3:16  Queen  
  39  3:24  Drone x3  
  41  3:27  Overlord  
  41  3:30  Overlord  
  41  3:33  Drone  
  42  3:43  Overlord  
  42  3:45  Queen  
  42  3:47  Drone x4  
  42  3:48  Drone x2  
  50  3:52  Roach Warren  
  50  3:53  Drone x2  
  51  3:58  Spore Crawler, Drone  
  51  4:00  Spore Crawler  
  50  4:04  Spore Crawler  
  50  4:05  Drone  
  50  4:06  Drone  
  50  4:09  Extractor  
  50  4:10  Extractor, Drone  
  50  4:13  Drone  
  50  4:16  Extractor, Drone x2  
  54  4:17  Drone  
  54  4:21  Overlord  
  54  4:23  Overlord  
  55  4:29  Drone x2  
  56  4:35  Drone  
  56  4:36  Drone  
  56  4:38  Spore Crawler  
  51  4:50  Roach  
  51  4:51  Roach x4  
  51  4:52  Roach  
  64  4:55  Roach  
  64  4:57  Roach  
  68  5:01  Drone x2  
  68  5:03  Drone  
  68  5:04  Drone  
  72  5:11  Drone x2  
  72  5:16  Drone x4  
  76  5:25  Drone x5  
  76  5:26  Drone  
  81  5:30  Evolution Chamber  
  81  5:31  Extractor  
  81  5:32  Overlord  
  81  5:34  Drone  
  80  5:37  Extractor  
  80  5:41  Lair  
  79  5:55  Drone  
  79  5:56  Zerg Missile Weapons Level 1, Drone x2  
  76  5:57  Drone x4  
  76  5:58  Drone x4  
  80  6:08  Drone x6  
  80  6:10  Overlord  
  80  6:14  Drone x3  
  80  6:15  Drone  
  80  6:16  Extractor  
  83  6:18  Roach  
  83  6:20  Roach  
  83  6:23  Roach x2  
  83  6:24  Extractor  
  86  6:27  Spore Crawler  
  86  6:28  Roach  
  86  6:31  Roach x2  
  91  6:34  Roach x2  
  91  6:38  Overlord  
  95  6:41  Glial Reconstitution  
  95  6:44  Roach  
  95  6:45  Infestation Pit  
  95  6:46  Overlord  
  96  6:50  Overlord  
  96  6:56  Roach  
  96  6:57  Roach x4  
  96  6:59  Roach  
  102  7:04  Roach x3  
  104  7:12  Roach x6  
  116  7:15  Overseer  
  116  7:17  Overlord x2  
  116  7:22  Zergling x2  
  117  7:35  Drone  
  117  7:41  Hatchery  
  114  7:50  Roach x2  
  114  7:51  Roach x9  
  136  7:52  Ravager x2  
  136  7:55  Overlord  
  136  7:58  Overlord  
  138  8:01  Spine Crawler x2  
  138  8:02  Ravager x2  
  138  8:14  Roach x4  
  138  8:15  Evolution Chamber  
  138  8:16  Overlord, Ravager  
  138  8:17  Ravager  
  138  8:18  Evolution Chamber  
  144  8:22  Roach x3  
  141  8:28  Roach  
  141  8:29  Roach x5  
  141  8:34  Roach x4  
  153  8:37  Roach  
  137  8:43  Roach x2  
  137  8:44  Roach  
  123  8:52  Roach  
  123  8:53  Roach x4  
  123  8:55  Roach  
  115  8:57  Roach  
  115  9:00  Queen  
  86  9:10  Roach  
  86  9:11  Roach x4  
  86  9:12  Roach  
  86  9:15  Roach  
  86  9:16  Roach  
  98  9:19  Roach  
  98  9:23  Roach x2  
  104  9:24  Roach  
  104  9:27  Roach  
  104  9:28  Ravager x3  
  111  9:35  Zerg Missile Weapons Level 2  
  111  9:40  Drone x6  
  119  9:45  Roach  
  119  9:46  Roach  
  119  9:51  Extractor, Drone x2  
  121  10:01  Queen  
  121  10:14  Drone  
  122  10:15  Drone  
  122  10:16  Queen  
  122  10:19  Queen  
  124  10:34  Drone x5  
  124  10:35  Drone x3  
  127  10:51  Swarm Host x14  
  167  10:57  Spore Crawler  
  167  10:59  Overlord  
  166  11:04  Overlord x2  
  166  11:05  Overlord  
  166  11:11  Overlord  
  168  11:17  Overlord  
  169  11:18  Zergling x2  
  169  11:21  Roach x3  
  169  11:23  Ravager  
  169  11:24  Ravager  
  179  11:25  Roach  
  179  11:26  Roach x2  
  180  11:36  Roach  
  180  11:37  Roach x5  
  177  11:42  Roach x2  
  166  11:47  Roach x2  
Show
View Real Time Build Order
Export as new Build Order

Zest Protoss - Winner!

Build Orders: 1 Gate Expand, Oracle Opening, Archon Immortal 

Get SALT Encoding   

  12  0:01  Probe  
  13  0:13  Probe  
  14  0:18  Pylon  
  14  0:25  Probe  
  15  0:33  Probe  
  15  0:37  Gateway  
  15  0:41  Probe  
  16  0:46  Assimilator  
  17  0:52  Probe  
  18  1:04  Probe  
  19  1:16  Probe  
  20  1:25  Cybernetics Core  
  20  1:33  Nexus  
  20  1:35  Probe  
  21  1:42  Pylon  
  21  1:48  Probe  
  21  1:49  Assimilator  
  21  1:52  Adept  
  22  2:00  Probe  
  25  2:10  Adept  
  25  2:13  Probe  
  28  2:26  Probe  
  29  2:33  Stargate  
  29  2:38  Probe  
  30  2:44  Stalker  
  30  2:47  Probe  
  30  2:50  Probe  
  34  2:51  Warp Gate  
  34  2:57  Probe  
  34  3:02  Probe  
  34  3:05  Probe  
  36  3:09  Oracle  
  37  3:13  Probe  
  37  3:14  Probe  
  42  3:25  Probe  
  42  3:26  Probe  
  44  3:27  Pylon  
  44  3:28  Assimilator  
  44  3:30  Assimilator  
  44  3:36  Oracle  
  44  3:37  Gateway, Probe  
  44  3:39  Probe  
  49  3:49  Probe  
  49  3:51  Probe  
  51  4:00  Robotics Facility  
  51  4:01  Probe  
  52  4:03  Probe  
  52  4:04  Pylon  
  53  4:13  Probe  
  53  4:14  Twilight Council  
  54  4:22  Probe  
  55  4:25  Probe  
  55  4:27  Gateway  
  55  4:28  Gateway  
  56  4:34  Probe  
  56  4:36  Warp Prism  
  55  4:40  Probe  
  54  4:51  Templar Archives  
  42  4:52  Charge  
  56  4:53  Zealot  
  56  4:54  Zealot  
  56  4:56  Pylon  
  60  5:09  Gateway  
  60  5:10  Gateway  
  60  5:16  Adept  
  60  5:17  Adept  
  64  5:24  Pylon  
  65  5:37  Nexus, Pylon  
  65  5:38  Immortal  
  65  5:39  Pylon  
  63  5:42  Zealot  
  63  5:43  Zealot x2  
  68  5:51  Pylon  
  62  5:57  Pylon  
  60  6:07  High Templar x3  
  60  6:08  High Templar  
  67  6:11  Archon  
  67  6:14  Immortal  
  67  6:16  Probe x2  
  67  6:17  Pylon  
  67  6:21  Nexus  
  71  6:26  Zealot  
  71  6:31  Pylon  
  73  6:32  Pylon  
  73  6:40  Sentry  
  73  6:41  Sentry, High Templar  
  73  6:42  Sentry  
  73  6:43  Immortal  
  81  6:47  Pylon  
  81  6:48  Archon  
  81  6:49  Shield Battery  
  85  7:11  Immortal  
  85  7:12  Pylon  
  89  7:23  Sentry x2, Zealot x4  
  101  7:43  Observer  
  101  7:47  Zealot x6  
  114  7:52  Probe  
  114  7:53  Probe x2  
  114  7:57  Pylon  
  117  8:05  Forge  
  117  8:06  Gateway  
  117  8:07  High Templar x2  
  117  8:08  Zealot  
  117  8:09  Gateway, Zealot  
  117  8:12  Archon  
  125  8:16  Observer  
  122  8:30  Sentry x2  
  122  8:32  Zealot x2  
  90  8:51  Immortal, Zealot x2  
  86  9:06  Protoss Ground Weapons Level 1  
  74  9:10  Zealot  
  74  9:11  Zealot x5  
  84  9:19  Immortal  
  82  9:30  Zealot  
  88  9:31  Zealot x4  
  88  9:32  Zealot  
  98  9:43  Probe x3  
  100  9:46  Assimilator  
  100  9:48  Immortal, Assimilator  
  100  9:53  Zealot x8  
  120  10:14  Sentry x3, High Templar  
  120  10:15  High Templar, Zealot x3  
  120  10:17  Probe x2  
  120  10:19  Probe  
  139  10:27  Immortal  
  143  10:45  Pylon  
  143  10:49  Observer  
  143  10:52  Probe  
  143  10:53  Pylon  
  143  10:54  High Templar x2  
  143  10:55  Archon, Pylon  
  148  10:58  Immortal  
  148  11:00  Photon Cannon  
  148  11:05  Archon  
  152  11:16  High Templar x2  
  152  11:17  Zealot x4  
  164  11:21  Archon  
  158  11:42  Zealot  
  158  11:43  Zealot x5  
  122  12:03  Zealot x4  
  122  12:04  Zealot x3  

Tags
 
Add a new tag
Caveats
  • Supply blocks, unpowered buildings, or Contaminate may cause inaccurate times.
  • Supply counts are checked every 10 seconds.